AoeStats
← rider57

Arena

506770240Analyzed
1v1 RM · 17d ago on Sep 15, 2026· 51m 59s· 2 players
Game mode
Random Map
Map size
Tiny (2 player)
Population
200
Speed
Normal
Resources
Standard
Victory
Conquest
Starting age
Dark Age
Ending age
Imperial Age
RankedLock teamsTeams togetherTeam positionsShared explorationLock speedFull tech treeHidden civsTurbo modeCheats
Victory
Defeat
🇮🇳 Khmer · India
954
+18
🇨🇱 Chinese · Chile
989
-18
rider57
10:57 Feudal Age
14:25 Castle Age
14:02 Double-Bit Axe
14:01 Horse Collar
22:12 Wheelbarrow
24:00 Bloodlines
25:39 Forging
29:18 Scale Barding Armor
29:02 Loom
29:33 Hand Cart
33:29 Iron Casting
33:58 Fletching
34:28 Padded Archer Armor
34:40 Town Watch
34:46 Elite Skirmisher
36:01 Bow Saw
36:00 Husbandry
36:11 Gold Mining
36:12 Stone Mining
36:48 Bodkin Arrow
37:48 Heavy Plow
38:07 Leather Archer Armor
43:31 Imperial Age
42:20 Tusk Swords
43:43 Gold Shaft Mining
44:20 Chain Barding Armor
44:09 Elite Battle Elephant
46:46 Crop Rotation
46:40 Bracer
47:55 Conscription
48:00 Ballistics
51:58 Blast Furnace
51:36 Plate Barding Armor
gjdelcam
9:11 Feudal Age
10:14 Double-Bit Axe
12:23 Stone Mining
17:05 Castle Age
15:41 Horse Collar
16:08 Padded Archer Armor
16:10 Gold Mining
17:56 Bow Saw
17:49 Fletching
20:10 Gold Shaft Mining
22:55 Ballistics
22:37 Bodkin Arrow
25:40 Leather Archer Armor
30:03 Imperial Age
33:10 Ring Archer Armor
33:28 Heavy Rocket Cart
34:26 Bracer
37:14 Chemistry
37:59 Wheelbarrow
37:10 Loom
37:11 Town Watch
39:18 Conscription
41:05 Two-Man Saw
40:44 Hand Cart
40:30 Town Patrol
42:03 Elite Chu Ko Nu
44:45 Masonry
47:33 Rocketry
49:36 Scale Mail Armor
50:36 Forging
50:18 Arson
50:57 Squires
Connection lost

Rejoining the realm…

Still unreachable

The connection could not be restored.

Session expired

The server has moved on; the page needs a fresh start.